 Dungeon Crawl Stone Soup version 0.31-a0-128-g25add195a6 (webtiles) character file.

Game seed: 310494884749040504

21 voltaire321 the Caller (level 2, -3/16 HPs)
             Began as a Tengu Summoner on June 1, 2023.
             Slain by a kobold
             ... wielding a +0 short sword
              (4 damage)
             ... on level 1 of the Dungeon.
             The game lasted 00:02:48 (333 turns).

voltaire321 the Caller (Tengu Summoner)              Turns: 333, Time: 00:02:49

Health: -3/16      AC:  2    Str:  8    XL:     2   Next: 83%
Magic:  4/6        EV: 12    Int: 15    God:
Gold:   11         SH:  0    Dex: 14    Spells: 2/5 levels left

rFire   . . .        c - +0 dagger
rCold   . . .        (no shield)
rNeg    . . .        a - +0 robe
rPois   .            (helmet restricted)
rElec   .            (no cloak)
rCorr   .            (no gloves)
SInv    .            (boots unavailable)
Will    .....        (no amulet)
Stlth   ++           (no ring)
HPRegen 0.22/turn    (no ring)
MPRegen 0.10/turn

%: no passive effects
@: no status effects
A: beak, talons 3
a: no special abilities


You were on level 1 of the Dungeon.
You visited 1 branch of the dungeon, and saw 1 of its levels.

You collected 11 gold pieces.

Inventory:

Hand Weapons
 c - a +0 dagger (weapon)
Armour
 a - a +0 robe (worn)
Scrolls
 d - a scroll of torment {unknown}
 e - a scroll of immolation {unknown}
Potions
 b - a potion of magic
 f - a potion of curing {unknown}
 g - a potion of resistance {unknown}


   Skills:
 + Level 0.8 Fighting
 + Level 0.8 Armour
 + Level 2.4 Dodging
 - Level 2.0 Stealth
 + Level 2.1 Spellcasting
 * Level 5.1 Summonings


You had 2 spell levels left.
You knew the following spells:

 Your Spells              Type           Power      Damage    Failure   Level
a - Summon Small Mammal   Summ           68%        N/A       2%          1
b - Call Imp              Summ           34%        N/A       4%          2

Your spell library contained the following spells:

 Spells                   Type           Power      Damage    Failure   Level
 Call Canine Familiar     Summ           17%        N/A       8%          3
 Summon Guardian Golem    Hex/Summ       9%         N/A       22%         3
 Summon Lightning Spire   Summ/Air       9%         N/A       58%         4


Dungeon Overview and Level Annotations

Branches:
Dungeon (1/15)

Altars:


Innate Abilities, Weirdness & Mutations

You have a beak for a mouth.
You have claws for feet.


Message History

Magic restored.
You now have 11 gold pieces.
A kobold comes into view. It is wielding a +0 short sword.
The kobold shouts!
A ball python comes into view.
An endoplasm comes into view.
The ball python hisses angrily.
The endoplasm hits the plant.
The plant begins to die.
The kobold misses you.
The endoplasm quivers.
You hit the kobold but do no damage. The kobold hits you but does no damage.
Casting: Call Imp (safe; 4% risk of failure)
Press: ? - help, Q - select action, (/) - cycle Dir - look around, f - activate A tiny devil pulls itself out of the air.
The ball python misses you. The ball python barely misses you.
The kobold hits you with a +0 short sword.
You hit the ball python. Your peck misses the ball python.
The ball python is moderately wounded.
A nearby plant withers and dies.
The ball python closely misses you. The ball python grabs you.
The ball python constricts you.
The endoplasm hits the plant.
The plant begins to die.
The kobold hits you with a +0 short sword.
The ball python bites you. The ball python constricts you.
Your cerulean imp hits the ball python from afar with a -3 spear.
You hit the ball python.
You kill the ball python!
The endoplasm splashes around in the water.
The kobold hits you with a +0 short sword.
* * * LOW HITPOINT WARNING * * *
The kobold attacks as you move away! The kobold misses you.
Something hits the plant.
Your cerulean imp hits the kobold but does no damage.
You closely miss the kobold. Your peck misses the kobold.
Something hits the plant.
The plant begins to die.
The kobold hits you with a +0 short sword.
* * * LOW HITPOINT WARNING * * *
Your cerulean imp closely misses the kobold.
You miss the kobold.
A nearby plant withers and dies.
Something hits the plant.
The kobold hits you with a +0 short sword.
You die...

.~ ~~~J ######
..~~~~~P♣..... #
..~~~~~P♣.... .. #
.~~~P♣~~.... .... #....~♣
~.~~~♣.#....###...♣.
......♣♣~..~~........#......
.......♣~.......5†..........
#......~~..#.....K...#.....
................@....#..#
...........#...........#
......................##
####.................##
#......#.............#
..##..##....###.####.# ###
####............###..# #.#
...))..##..#...###..## #.#
####...##.##...##..## ##.#


You could see a kobold (ally target) and a friendly cerulean imp (summoned).

Vanquished Creatures
  2 endoplasms (D:1)
  A giant cockroach (D:1)
  3 goblins (D:1)
  A hobgoblin (D:1)
  A kobold (D:1)
  A quokka (D:1)
  2 ball pythons (D:1)
  A bat (D:1)
  2 frilled lizards (D:1)
  A rat (D:1)
15 creatures vanquished.

Vanquished Creatures (collateral kills)
  A hobgoblin (D:1)
  A quokka (D:1)
  A kobold (D:1)
3 creatures vanquished.

Grand Total: 18 creatures vanquished

Notes
Turn   | Place    | Note
-------+----------+-------------------------------------------
     0 | D:1      | voltaire321 the Tengu Summoner began the quest for the Orb.
     0 | D:1      | Reached XP level 1. HP: 10/10 MP: 4/4
    87 | D:1      | Reached skill level 5 in Summonings
    87 | D:1      | Reached XP level 2. HP: 16/16 MP: 6/6
   260 | D:1      | Learned a level 2 spell: Call Imp
   333 | D:1      | Slain by a kobold

Illustrated notes

Levels and vault maps discovered:
D:1:      dpeg_arrival_radiant, layout_rooms, chequers_mini_garden,
          serial_bayou_ford_a

Skill      XL: |  1 |
---------------+----+-----
Summonings     | 5 |  5.1
Fighting       | |  0.8
Armour         | |  0.8
Dodging        | |  2.4
Stealth        | |  2.0
Spellcasting   | |  2.1

Action                     || total
---------------------------++-------
  Melee: Dagger            ||    46
         Kick              ||    10
         Peck              ||     8
         Unarmed           ||     2
         Punch             ||     2
   Cast: Summon Small Mamm ||     3
         Call Imp          ||     2
   Stab: Distracted        ||     1
 Armour: Robe              ||     8
  Dodge: Dodged            ||    30

Table legend: (Time is in decaauts)
 A = Elapsed time spent in this place.
 B = Non-inter-level travel time spent in this place.
 C = Inter-level travel time spent in this place.
 D = Time resting spent in this place.
 E = Time spent auto-exploring this place.
 F = Levels seen in this place.
 G = Mean time per level.
                   A        B        C        D        E       F      G
               +--------+--------+--------+--------+--------+-----+--------+
         Total |    332 |    332 |      0 |     69 |    134 |   1 |  332.0 |
       Dungeon |    332 |    332 |      0 |     69 |    134 |   1 |  332.0 |
               +--------+--------+--------+--------+--------+-----+--------+

Top non-repeatable levels by time:
     D:1: 332 daAuts
